 Dungeon Crawl Stone Soup version 0.26-a0-1131-g5f66e2dd50 (webtiles) character file.

Game seed: 3961815591615570636

1583 Hopman the Skirmisher (level 9, -8/66 (71) HPs)
             Began as a Human Fighter on Dec 19, 2020.
             Killed by divine providence
             ... invoked by an orc priest
              (11 damage)
             ... on level 6 of the Dungeon.
             The game lasted 00:20:51 (5365 turns).

Hopman the Skirmisher (Human Fighter)               Turns: 5365, Time: 00:20:51

HP:   -8/66 (71)    AC:  5    Str: 20    XL:     9   Next: 14%
MP:   9/9           EV:  8    Int:  9    God:
Gold: 151           SH: 11    Dex: 12    Spells: 8/8 levels left

rFire    + . .     SeeInvis .   A - +7 captain's cutlass {speed, disarm}
rCold    + + .     Faith    .   c - +1 kite shield
rNeg     + . .     Spirit   .   n - +0 scale mail {rC+}
rPois    +         Reflect  .   (helmet restricted)
rElec    +         Harm     .   f - +0 cloak
rCorr    +         Rampage  .   (no gloves)
Will     .....                  (no boots)
Stlth    ..........             b - amulet of magic regeneration
HPRegen  0.21/turn              C - ring of positive energy
MPRegen  0.36/turn              s - ring of poison resistance

@: resistant, hasted, drained, very quick
A: horns 1, deformed body
a: no special abilities


You were on level 6 of the Dungeon.
You visited 1 branch of the dungeon, and saw 6 of its levels.

You collected 151 gold pieces.

Inventory:

Hand Weapons
 j - a +2 hand axe of electrocution
 v - a +0 flail
 A - the +7 captain's cutlass (weapon) {speed, disarm}
   (You found it on level 5 of the Dungeon)

   Attacks with this weapon are significantly faster.
Armour
 c - a +1 kite shield (worn)
 f - a +0 cloak (worn)
 n - a +0 scale mail of cold resistance (worn)
Magical Staves
 w - an uncursed staff of fire {unknown}
 D - an uncursed staff of poison {unknown}
Jewellery
 b - an amulet of magic regeneration (around neck)
 d - an uncursed ring of ice
 k - an uncursed ring of wizardry
 r - an uncursed amulet of faith
 s - a ring of poison resistance (right hand)
 C - a ring of positive energy (left hand)
Wands
 h - a wand of enslavement (13)
 t - a wand of iceblast (8)
Scrolls
 i - 2 scrolls of identify
 x - 4 scrolls of remove curse
 B - a scroll of amnesia
Potions
 l - 2 potions of magic
 o - a potion of lignification
 p - a potion of brilliance
 u - a potion of flight
 z - 2 potions of attraction


   Skills:
 * Level 6.7 Fighting
 * Level 4.3 Short Blades
 - Level 4.2(4.5) Axes
 + Level 2.3(3.6) Maces & Flails
 + Level 5.2 Armour
 - Level 0.4 Dodging
 + Level 5.3 Shields


You had 8 spell levels left.
You didn't know any spells.
Your spell library contained the following spells:

 Spells                   Type           Power        Failure   Level
 Animate Skeleton         Necr           0%           98%         1
 Apportation              Tloc           0%           98%         1
 Corona                   Hex            0%           98%         1
 Summon Small Mammal      Summ           0%           98%         1


Dungeon Overview and Level Annotations

Branches:
Dungeon (6/15)
 Temple: D:4-7

Altars:
Cheibriados
Dithmenos
Elyvilon
Gozag
Hepliaklqana
Kikubaaqudgha
Sif Muna
Uskayaw
Vehumet
Xom


Innate Abilities, Weirdness & Mutations

You have a pair of small horns on your head.
Armour fits poorly on your strangely shaped body.


Message History

You destroy the wight!
You hit the wight.
The wight is moderately damaged.
The quokka twitches its whiskers.
You hit the wight but do no damage.
The wight is moderately damaged.
You block the lemure's attack.
The wight hits you from afar with a +3 spear.
* * * LOW HITPOINT WARNING * * *
You partially resist.
You feel drained. You block the wight's attack. The lemure hits you.
* * * LOW HITPOINT WARNING * * *
You hit the wight.
The wight is moderately damaged.
You puncture the wight!
You destroy the wight!
The lemure hits you but does no damage. The wight barely misses you.
The orc priest calls down the wrath of Beogh upon you.
Beogh smites you!
You die...

#...(..#### #..........
#......### .
#<.†.≈≈≈.#.#
#[##≈≈≈≈≈..#
#.#_≈≈.≈≈..#
#####.##≈≈≈≈≈.##
#555.....≈≈≈.##
#@###.......## ##)#
#.......#
##zo###.......#
#######hrhF().........
#.......oo#########.#..
#......r.o# ....
#.......†## ..
#.....)>.## #.........#


You could see 3 lemures, a bullfrog, 2 hounds, a wight, 2 orc priests, 2 orcs
and 2 quokkas.

Vanquished Creatures
  An orc warrior (D:6)
  An ice beast (D:6)
  2 sky beasts (D:5)
  2 phantoms
  2 ogres (D:5)
  2 bullfrogs
  A scorpion (D:4)
  The ghost of paps the Sneak, a weakling DsDe of Gozag (D:4)
  3 wights (D:6)
  A jelly (D:6)
  2 hounds (D:5)
  Crazy Yiuf (D:5)
  4 orc wizards
  An iguana (D:4)
  3 worker ants
  Robin (D:4)
  A worker ant zombie (D:3)
  7 adders
  A white imp (D:5)
  2 ufetubi
  An ooze (D:1)
  3 worms (D:3)
  4 dart slugs
  4 leopard geckos
  16 orcs
  3 ball pythons
  7 giant cockroaches
  12 goblins
  9 hobgoblins
  7 jackals
  2 quokkas
  4 bats
  4 frilled lizards
  11 kobolds
  A quokka skeleton (D:5)
  5 rats
132 creatures vanquished.

Notes
Turn   | Place    | Note
-------+----------+-------------------------------------------
     0 | D:1      | Hopman the Human Fighter began the quest for the Orb.
     0 | D:1      | Reached XP level 1. HP: 18/18 MP: 1/1
   112 | D:1      | Reached XP level 2. HP: 24/24 MP: 2/2
   394 | D:1      | Reached XP level 3. HP: 23/29 MP: 3/3
  1015 | D:2      | Found a radiant altar of Vehumet.
  1135 | D:2      | Found a shadowy altar of Dithmenos.
  1135 | D:2      | Noticed a shadow
  1139 | D:2      | Found a hazy altar of Hepliaklqana.
  1238 | D:2      | Found an opulent altar of Gozag.
  1240 | D:2      | Reached XP level 4. HP: 33/35 MP: 4/4
  1300 | D:2      | Found a shimmering altar of Xom.
  1304 | D:2      | Found a shimmering altar of Xom.
  1304 | D:2      | Found a shimmering altar of Xom.
  1304 | D:2      | Found a shimmering altar of Xom.
  1305 | D:2      | Found a shimmering altar of Xom.
  1309 | D:2      | Found a shimmering altar of Xom.
  1331 | D:2      | Reached skill level 1 in Axes
  1638 | D:3      | Found an ancient bone altar of Kikubaaqudgha.
  1797 | D:3      | Reached XP level 5. HP: 37/42 MP: 5/5
  2248 | D:3      | Found a shimmering blue altar of Sif Muna.
  2549 | D:3      | Reached skill level 4 in Fighting
  2605 | D:3      | Found a hide-covered altar of Uskayaw.
  2790 | D:4      | Found a white marble altar of Elyvilon.
  3001 | D:4      | Noticed Robin
  3020 | D:4      | Killed Robin
  3023 | D:4      | Reached XP level 6. HP: 48/48 MP: 6/6
  3114 | D:4      | Noticed a phantom
  3127 | D:4      | Killed a phantom
  3374 | D:4      | Found a runed translucent door.
  3375 | D:4      | Noticed paps's ghost (weakling DsDe)
  3458 | D:4      | Killed paps's ghost
  3459 | D:4      | Reached XP level 7. HP: 29/55 MP: 7/7
  3805 | D:5      | Entered Level 5 of the Dungeon
  3903 | D:5      | Reached skill level 5 in Fighting
  4491 | D:5      | Found the +7 captain's cutlass {speed, disarm}
  4508 | D:5      | Reached XP level 8. HP: 55/63 MP: 8/8
  4629 | D:5      | Gained mutation: Armour fits poorly on your strangely
                  | shaped body. [potion of mutation]
  4629 | D:5      | Gained mutation: You have a pair of small horns on your
                  | head. [potion of mutation]
  4762 | D:5      | Reached skill level 1 in Maces & Flails
  4943 | D:5      | Found a runed translucent door.
  4944 | D:5      | Noticed Crazy Yiuf
  4951 | D:5      | Killed Crazy Yiuf
  5104 | D:6      | Reached skill level 6 in Fighting
  5184 | D:5      | Reached skill level 5 in Shields
  5236 | D:6      | Reached skill level 5 in Armour
  5263 | D:6      | Found a snail-covered altar of Cheibriados.
  5321 | D:6      | Reached XP level 9. HP: 71/71 MP: 9/9
  5363 | D:6      | HP: 3/66 [lemure[Pikel] (4)]
  5365 | D:6      | Killed from afar by an orc priest

Illustrated notes

Levels and vault maps discovered:
D:1:      wander_arrival_fairy_ring, layout_basic
D:2:      layout_rooms, riverfiend_overflow_shadow_ancestor, vehumet_crystals,
          xom_redecorated, marbit_many_paths
D:3:      layout_basic, nicolae_overflow_crystal_walls, lemuel_crystal_altar,
          lemuel_coloured_pillars_altar
D:4:      layout_loops_ring, lemuel_round_altar, gammafunk_ghost_grave,
          uniq_robin
D:5:      layout_rooms, uniq_crazy_yiuf_cottage
D:6:      lemuel_ice_spiral_2, layout_rooms, kennysheep_slug_shrine,
          ashenzari_altar_1, general_overflow_altar, uniq_pikel

Skill      XL: |  1  2  3  4  5  6  7  8 |
---------------+-------------------------+-----
Axes           | 1 2 3 4 |  4.2
Fighting       | 4 5 6 |  6.7
Armour         | 4 5 |  5.2
Shields        | 4 5 |  5.3
Maces & Flails | 2 |  2.3
Short Blades   | 4 |  4.3
Dodging        | |  0.4

Action                   |  1- 3 |  4- 6 |  7- 9 || total
-------------------------+-------+-------+-------++-------
Melee: Rapier            |    60 |       |       ||    60
       Hand axe          |    40 |   159 |    65 ||   264
       Cutlass           |       |       |   107 ||   107
       Headbutt          |       |       |    18 ||    18
Evoke: Wand              |       |       |     1 ||     1
  Use: Scroll            |     2 |     2 |    15 ||    19
       Potion            |       |     1 |     8 ||     9
Armor: Scale mail        |    36 |    59 |    52 ||   147
Dodge: Dodged            |    23 |    44 |    38 ||   105
Block: Kite shield       |    47 |    64 |    95 ||   206

Table legend: (Time is in decaauts)
 A = Elapsed time spent in this place.
 B = Non-inter-level travel time spent in this place.
 C = Inter-level travel time spent in this place.
 D = Time resting spent in this place.
 E = Time spent auto-exploring this place.
 F = Levels seen in this place.
 G = Mean time per level.
                   A        B        C        D        E       F      G
               +--------+--------+--------+--------+--------+-----+--------+
         Total |   5396 |   5128 |    268 |   1041 |   3013 |   6 |  899.3 |
       Dungeon |   5396 |   5128 |    268 |   1041 |   3013 |   6 |  899.3 |
               +--------+--------+--------+--------+--------+-----+--------+

Top non-repeatable levels by time:
     D:5: 1288 daAuts
     D:4: 1195 daAuts
     D:3: 1060 daAuts
     D:1: 894 daAuts
     D:2: 742 daAuts
     D:6: 215 daAuts
